 Dungeon Crawl Stone Soup version 0.24-a0-504-gcfb02b9d07 (webtiles) character file.

Game seed: 6671124059441514415

2177 deorigin the Covert (level 9, -12/81 HPs)
             Began as a Naga Wizard on July 16, 2019.
             Mangled by Pikel
             ... wielding a +2 whip of electrocution
              (20 damage)
             ... on level 6 of the Dungeon on July 17, 2019.
             The game lasted 00:38:00 (10138 turns).

deorigin the Covert (Naga Wizard)                  Turns: 10138, Time: 00:38:01

Health: -12/81     AC:  4    Str:  9    XL:     9   Next: 33%
Magic:  18/20      EV: 10    Int: 21    God:
Gold:   297        SH:  0    Dex: 11    Spells: 9/22 levels left

rFire    . . .     SeeInvis +   x - +0 dagger (venom)
rCold    . . .     Gourm    .   (no shield)
rNeg     . . .     Faith    .   n - +0 robe
rPois    +         Spirit   .   b - +0 hat
rElec    .         Reflect  .   M - scarf {cloud immunity}
rCorr    .         Harm     .   (no gloves)
MR       +....                  (no barding)
Stlth    ++++......             (no amulet)
HPRegen  0.23/turn              (no ring)
MPRegen  0.17/turn              (no ring)

@: hasted, quick
A: large, see invisible, deformed body, poison resistance, slowness 2, slow
metabolism 1, spit poison 1, AC +3
a: Spit Poison


You were on level 6 of the Dungeon.
You were hungry.

You visited 1 branch of the dungeon, and saw 7 of its levels.
You also visited: Ossuary.

You collected 297 gold pieces.

Inventory:

Hand Weapons
 a - a +4 dagger of electrocution
 r - a +0 hunting sling
 t - a +1 flail of holy wrath
 w - a +0 glaive
 x - a +0 dagger of venom (weapon)
 y - a +2 flail of venom
 N - a +0 long sword of flaming
Missiles
 g - 229 stones (quivered)
 j - 18 sling bullets
 k - 16 boomerangs
 z - 8 poisoned darts
 H - 4 javelins
Armour
 b - a +0 hat (worn)
 i - a +0 ring mail
 n - a +0 robe (worn)
 s - a +0 leather armour
 v - a cursed +0 ring mail
 F - a +0 scale mail
 K - a +1 cloak
 M - a scarf of cloud immunity (worn)
Magical Staves
 I - an uncursed staff of conjuration
Wands
 B - a wand of digging (3)
 E - a wand of enslavement (5)
 J - a wand of polymorph (16)
Scrolls
 c - 3 scrolls of teleportation
 e - a scroll of enchant armour
 l - 3 scrolls of fear
 m - a scroll of magic mapping
 u - 11 scrolls of remove curse
 L - a scroll of enchant weapon
Potions
 f - 3 potions of mutation
 o - 2 potions of agility
 p - 3 potions of haste
 q - 6 potions of curing
 A - a potion of resistance
 D - 2 potions of invisibility
 G - 4 potions of flight
Comestibles
 d - 6 rations


   Skills:
 * Level 5.1 Fighting
 - Level 2.0 Short Blades
 - Level 1.5 Dodging
 + Level 8.8 Stealth
 + Level 7.3 Spellcasting
 - Level 3.1 Conjurations
 - Level 1.0 Hexes
 - Level 2.0 Summonings
 - Level 2.1 Translocations
 - Level 1.0 Fire Magic
 - Level 2.0 Air Magic
 - Level 2.0 Poison Magic


You had 9 spell levels left.
You knew the following spells:

 Your Spells              Type           Power        Failure   Level  Hunger
a - Magic Dart            Conj           ###.         2%          1    None
b - Call Imp              Summ           ###.....     5%          2    None
c - Blink                 Tloc           N/A          5%          2    None
d - Conjure Flame         Conj/Fire      ###.....     11%         3    None
e - Mephitic Cloud        Conj/Pois/Air  ###.....     10%         3    None
f - Confusing Touch       Hex            ##....       5%          1    None
g - Apportation           Tloc           ###...       3%          1    None

Your spell library contained the following spells:

 Spells                   Type           Power        Failure   Level  Hunger
 Summon Small Mammal      Summ           ###.         3%          1    None
 Animate Skeleton         Necr           N/A          9%          1    None
 Slow                     Hex            ##......     9%          2    None
 Gell's Gravitas          Tloc           ###.......   11%         3    None
 Confuse                  Hex            ##......     17%         3    None
 Petrify                  Tmut/Erth      #.......     63%         4    ###....
 Metabolic Englaciation   Hex/Ice        #.........   88%         5    #####..
 Yara's Violent Unravell  Hex/Tmut       #.........   88%         5    #####..


Dungeon Overview and Level Annotations

Branches:
Dungeon (7/15)             Temple (0/1) D:7

Altars:
Sif Muna

Annotations:
D:6 Pikel


Innate Abilities, Weirdness & Mutations

You cannot wear boots.
Your serpentine skin is tough. (AC +3)
You have supernaturally acute eyesight. (SInv)
Armour fits poorly on your strangely shaped body.
Your system is resistant to poisons. (rPois)
You cover ground very slowly.
You have a slow metabolism.
You can spit poison.


Message History

You are electrocuted!
* * * LOW HITPOINT WARNING * * *
Unknown command.
Casting: Confusing Touch (safe; 5% risk of failure)
Confirm with . or Enter, or press ? or * to list all spells.
Okay, then.
Casting: Confusing Touch (safe; 5% risk of failure)
Confirm with . or Enter, or press ? or * to list all spells.
Okay, then.
Casting: Confusing Touch (safe; 5% risk of failure)
Confirm with . or Enter, or press ? or * to list all spells.
Okay, then.
Casting: Confusing Touch (safe; 5% risk of failure)
Confirm with . or Enter, or press ? or * to list all spells.
You blink.
You feel yourself speed up.
Pikel hits you with a +2 whip of electrocution.
* * * LOW HITPOINT WARNING * * *
You are electrocuted!!
You die...

####.#
#.#.#.##.##....#.#.#.#
.....#
#.#.#.#...#......)...#
######
#.#.#.#####......#.###
#.#.#........#####.#
#.#>########.#####.#####
#.#.†.>..........#......
##
#.#..###.###.###.######.
.#
#.#....#.###.###.######.
.#
#......@...#............
.#
####.#K#.#######.######.
.# #.#.....# #.##.....
## #.#§#.#.#####.##.....
#.#.#.#.....#.#######
#.###.........#
#..........####
#.########.# ### ###


You could see Pikel.

Vanquished Creatures
  A slave (D:6)
  2 ice beasts (D:6)
  An ogre (D:6)
  2 sky beasts
  2 centaurs
  3 elf zombies (Ossuary)
  2 bullfrogs (D:6)
  A scorpion (D:6)
  2 howler monkeys
  4 wights
  2 crimson imps
  3 centaur zombies (Ossuary)
  2 hounds
  2 orc priests (D:4)
  An orc wizard (D:7)
  A centaur skeleton (D:5)
  3 human zombies (Ossuary)
  Natasha (thrice) (D:3)
  4 worker ants
  2 mummies (Ossuary)
  A worker ant zombie (D:6)
  6 adders
  A howler monkey skeleton (D:5)
  2 shadow imps
  2 adder zombies
  3 worms
  2 dart slugs
  3 leopard geckos
  27 orcs
  2 ball pythons
  6 bats
  6 giant cockroaches
  6 hobgoblins
  14 jackals
  6 kobolds
  2 quokkas
  3 frilled lizards
  9 goblins
  A leopard gecko zombie (D:6)
  A quokka skeleton (D:7)
  9 rats
155 creatures vanquished.

Vanquished Creatures (collateral kills)
  An ice beast (D:5)
  An elf zombie (Ossuary)
  A howler monkey (D:7)
  A centaur zombie (Ossuary)
  A human zombie (Ossuary)
  A centaur skeleton (D:4)
  A mummy (Ossuary)
  An orc (D:4)
  2 jackals (D:4)
  A kobold (D:1)
  A rat (D:1)
12 creatures vanquished.

Grand Total: 167 creatures vanquished

Notes
Turn   | Place    | Note
-------+----------+-------------------------------------------
     0 | D:1      | deorigin the Naga Wizard began the quest for the Orb.
     0 | D:1      | Reached XP level 1. HP: 15/15 MP: 4/4
   131 | D:1      | Reached XP level 2. HP: 22/22 MP: 3/6
   136 | D:1      | Learned a level 2 spell: Blink
   139 | D:1      | Learned a level 2 spell: Call Imp
   911 | D:1      | Reached XP level 3. HP: 22/28 MP: 4/8
  1013 | D:1      | Learned a level 3 spell: Conjure Flame
  1107 | D:1      | You fall into a shaft and drop 1 floor!
  1264 | D:2      | Reached skill level 4 in Stealth
  1343 | D:2      | Reached XP level 4. HP: 36/36 MP: 4/9
  1466 | D:2      | Found a deep blue altar of Sif Muna.
  1651 | D:2      | Found a faded altar of an unknown god.
  1726 | D:2      | Learned a level 3 spell: Mephitic Cloud
  2798 | D:3      | Reached XP level 5. HP: 23/42 MP: 9/11
  3118 | D:3      | Noticed Natasha
  3186 | D:3      | Killed Natasha
  3186 | D:3      | Reached skill level 1 in Poison Magic
  3920 | D:3      | Noticed Natasha
  3924 | D:3      | Killed Natasha
  4063 | D:3      | Noticed Natasha
  4069 | D:3      | Killed Natasha
  4069 | D:3      | Reached skill level 1 in Air Magic
  4613 | D:4      | Reached skill level 5 in Stealth
  4613 | D:4      | Reached XP level 6. HP: 49/49 MP: 9/13
  4951 | D:4      | Reached skill level 5 in Spellcasting
  5220 | D:4      | Reached skill level 1 in Fighting
  5550 | D:5      | Entered Level 5 of the Dungeon
  5550 | D:5      | Noticed an ice beast
  5578 | D:5      | Killed an ice beast
  5578 | D:5      | Reached XP level 7. HP: 24/57 MP: 1/15
  5855 | D:5      | Learned a level 1 spell: Confusing Touch
  5969 | D:5      | Found a sand-covered staircase.
  5997 | Ossuary  | Entered an ossuary
  6373 | Ossuary  | Reached skill level 6 in Stealth
  6570 | Ossuary  | Reached XP level 8. HP: 65/68 MP: 6/17
  7496 | D:6      | Reached skill level 1 in Hexes
  7543 | D:6      | Learned a level 1 spell: Apportation
  8099 | D:6      | Reached skill level 1 in Fire Magic
  8174 | D:6      | Reached skill level 7 in Stealth
  8797 | D:6      | Reached XP level 9. HP: 79/79 MP: 19/19
  8821 | D:6      | Reached skill level 1 in Short Blades
  8847 | D:6      | Reached skill level 8 in Stealth
  9548 | D:7      | Reached skill level 5 in Fighting
  9875 | D:7      | Found a staircase to the Ecumenical Temple.
  9930 | D:7      | Noticed Pikel
 10138 | D:6      | Mangled by Pikel

Levels and vault maps discovered:
D:1:      mrwooster_arrival_statue_3, layout_loops_ring, chequers_arboretum
D:2:      layout_loops_ring, lemuel_crystal_altar,
          chequers_ecumenical_altar_simple_redux, kennysheep_decorative_pillar,
          hangedman_abyss_or_decor_stabs
D:3:      layout_basic, hangedman_decor_clover_reticule, nrook_mini_vaults,
          uniq_natasha
D:4:      layout_basic
D:5:      layout_loops_ring, first_ration, nicolae_ossuary_entry_plus
D:6:      layout_basic
D:7:      layout_rooms, minmay_temple_entry_butterflies, dk_vineyard_3,
          david_defended_altar_orc, uniq_pikel

Skill      XL: |  1  2  3  4  5  6  7  8  9 |
---------------+----------------------------+-----
Stealth        | 4 5 6 7 8 |  8.8
Spellcasting   | 4 5 6 7 |  7.3
Conjurations   | 2 3 |  3.1
Poison Magic   | 1 2 |  2.0
Air Magic      | 1 2 |  2.0
Fighting       | 1 2 4 5 |  5.1
Hexes          | 1 |  1.0
Translocations | 2 |  2.1
Summonings     | 2 |  2.0
Fire Magic     | 1 |  1.0
Short Blades   | 2 |  2.0
Dodging        | |  1.5

Action                   |  1- 3 |  4- 6 |  7- 9 || total
-------------------------+-------+-------+-------++-------
Melee: Short sword       |     7 |       |       ||     7
       Dagger            |    25 |    80 |   332 ||   437
       Flail             |       |       |    10 ||    10
Throw: Stone             |     1 |     1 |       ||     2
 Cast: Magic Dart        |    49 |    23 |    11 ||    83
       Blink             |     2 |     4 |     3 ||     9
       Call Imp          |     1 |    16 |    25 ||    42
       Mephitic Cloud    |       |     2 |     3 ||     5
       Confusing Touch   |       |       |    26 ||    26
 Abil: Spit Poison       |    18 |    37 |    12 ||    67
  Use: Scroll            |       |     8 |    11 ||    19
       Potion            |       |       |     5 ||     5
 Stab: Confused          |       |     1 |    14 ||    15
       Sleeping          |       |       |     9 ||     9
       Distracted        |       |       |     2 ||     2
  Eat: Chunk             |     1 |    10 |     6 ||    17
       Ration            |       |     1 |     2 ||     3
Armor: Robe              |     7 |    20 |    84 ||   111
Dodge: Dodged            |    25 |    36 |   119 ||   180

Table legend:
 A = Non-vault XP
 B = Vault XP
 C = Vault XP percentage of total XP
 D = Non-vault monster count
 E = Vault monster count
 F = Vault count percentage of total count
                 A         B        C        D         E       F
            +---------+---------+-------+---------+---------+-------
      Total |    2467 |     644 |  20.7 |     150 |      16 |   9.6
            +---------+---------+-------+---------+---------+-------
        D:1 |      41 |       0 |   0.0 |      25 |       0 |   0.0
        D:2 |      87 |       0 |   0.0 |      27 |       0 |   0.0
        D:3 |     133 |      33 |  19.9 |      17 |       1 |   5.6
        D:4 |     259 |       0 |   0.0 |      19 |       0 |   0.0
        D:5 |     333 |       0 |   0.0 |      19 |       0 |   0.0
        D:6 |    1134 |       0 |   0.0 |      27 |       0 |   0.0
        D:7 |     480 |       0 |   0.0 |      16 |       0 |   0.0
    Ossuary |       0 |     611 | 100.0 |       0 |      15 | 100.0
            +---------+---------+-------+---------+---------+-------
